 Dungeon Crawl Stone Soup version 0.28-a0-957-g42eb19b844 (webtiles) character file.

Game seed: 7529673755294258654

518 lunkers the Ruffian (level 7, -1/70 HPs)
             Began as a Troll Cinder Acolyte on Nov 30, 2021.
             Was a High Priest of Ignis.
             Slain by a lemure (5 damage)
             ... led by Pikel
             ... on level 4 of the Dungeon.
             The game lasted 00:04:55 (3390 turns).

lunkers the Ruffian (Troll Cinder Acolyte)          Turns: 3390, Time: 00:04:56

Health: -1/70      AC:  5    Str: 23    XL:     7   Next: 1%
Magic:  7/7        EV:  9    Int: 10    God:    Ignis [*****.]
Gold:   170        SH:  0    Dex:  7    Spells: 8/8 levels left

rFire   + . .      SeeInvis .     - Unarmed
rCold   + . .      Faith    .   (no shield)
rNeg    . . .      Spirit   .   a - +1 robe
rPois   .          Reflect  .   (helmet restricted)
rElec   .          Harm     .   (no cloak)
rCorr   .          Rampage  .   (gloves unavailable)
Will    .....                   (boots unavailable)
Stlth   +.........              q - amulet of regeneration
HPRegen 1.81/turn               p - ring of protection from cold
MPRegen 0.10/turn               (no ring)

@: no status effects
A: large, unfitting armour, claws 3, regeneration 1, shaggy fur 1, tough skin 1
a: Renounce Religion, Fiery Armour, Foxfire Swarm, Rising Flame


You were on level 4 of the Dungeon.
You worshipped Ignis.
Ignis was extremely pleased with you.
You visited 1 branch of the dungeon, and saw 5 of its levels.

You collected 170 gold pieces.

Inventory:

Missiles
 c - 248 stones
 f - 27 poisoned darts (quivered)
 s - 3 large rocks
Armour
 a - a +1 robe (worn)
 m - a +0 tower shield
Jewellery
 p - a ring of protection from cold (left claw)
 q - an amulet of regeneration (around neck)
Scrolls
 e - 3 scrolls of enchant armour
 j - a scroll of fog
Potions
 b - 2 potions of flight
 g - a potion of cancellation {unknown}
 l - a potion of curing {unknown}
 n - 2 potions of heal wounds {unknown}
 o - a potion of haste {unknown}
 r - a potion of lignification {unknown}


   Skills:
 + Level 4.2 Fighting
 * Level 6.7 Unarmed Combat
 - Level 1.0 Spellcasting
 - Level 2.1 Fire Magic


You had 8 spell levels left.
You didn't know any spells.
Your spell library contained the following spells:

 Spells                   Type           Power      Damage    Failure   Level
 Scorch                   Fire           8%         2d5       22%         2
 Flame Wave               Conj/Fire      2%         2d4       91%         4
 Summon Cactus Giant      Summ           0%         N/A       100%        6


Dungeon Overview and Level Annotations

Branches:
Dungeon (5/15)
 Temple: D:4-7

Altars:
Makhleb
Zin

Annotations:
D:4 Pikel
D:5 Grinder


Innate Abilities, Weirdness & Mutations

You are too large for most types of armour.
You have claws for hands.
Your natural rate of healing is unusually fast.
You are covered in fur. (AC +1)
You have tough skin. (AC +1)


Message History

You barely miss Pikel. You claw Pikel!!
Pikel is heavily wounded.
The lemure closely misses you.
Pikel zaps a wand.
You resist with some effort. The lemure hits you.
You barely miss Pikel.
Pikel is heavily wounded.
The lemure hits you but does no damage.
Pikel hits you with a +0 whip of electrocution.
The lemure hits you.
* * * LOW HITPOINT WARNING * * *
You barely miss Pikel.
Pikel is heavily wounded.
The lemure hits you.
* * * LOW HITPOINT WARNING * * *
Pikel completely misses you. The lemure barely misses you.
You completely miss Pikel.
Pikel is heavily wounded.
The lemure closely misses you.
Pikel hits you with a +0 whip of electrocution!
* * * LOW HITPOINT WARNING * * *
The lemure barely misses you.
You claw Pikel!
Pikel is heavily wounded.
The lemure hits you but does no damage.
Pikel hits you with a +0 whip of electrocution!
* * * LOW HITPOINT WARNING * * *
Unknown command.
You scratch Pikel.
Pikel is severely wounded.
The lemure barely misses you.
You scratch Pikel.
Pikel is severely wounded.
The lemure hits you.
* * * LOW HITPOINT WARNING * * *
Pikel hits you with a +0 whip of electrocution.
* * * LOW HITPOINT WARNING * * *
You are electrocuted!
* * * LOW HITPOINT WARNING * * *
The lemure hits you.
You die...

### ##.## ##### #######5#.##
#...# #....K@###.##
###...####.###5## ##.##
##.......##.##.## ##.#########
#...............## ##..........#
#........##.###..###.#########.#
#.##...#.##.###.#.#..# #.#
#.##......#..........# #.##
#.######..########.### #.#.
#.######..# ##'## #...


You could see Pikel and 2 lemures.

Vanquished Creatures
  An ogre (D:4)
  A lemure (D:5)
  2 scorpions (D:4)
  A water moccasin skeleton (D:4)
  A hound (D:4)
  An orc priest (D:4)
  An iguana (D:4)
  An orc wizard (D:4)
  Terence (D:2)
  A hound skeleton (D:3)
  4 adders
  An adder skeleton (D:4)
  4 worms
  An orc (D:4)
  9 ball pythons
  10 bats
  3 endoplasms
  5 giant cockroaches
  5 goblins
  7 hobgoblins
  4 quokkas
  A frilled lizard (D:1)
  5 kobolds
  5 rats
75 creatures vanquished.

Notes
Turn   | Place    | Note
-------+----------+-------------------------------------------
     0 | D:1      | lunkers the Troll Cinder Acolyte began the quest for the
                  | Orb.
     0 | D:1      | Reached XP level 1. HP: 22/22 MP: 1/1
   184 | D:1      | Reached XP level 2. HP: 29/29 MP: 2/2
   315 | D:1      | Found a faded altar of an unknown god.
  1198 | D:2      | Reached XP level 3. HP: 36/36 MP: 3/3
  1329 | D:2      | Reached skill level 4 in Unarmed Combat
  1564 | D:2      | Noticed Terence
  1579 | D:2      | Killed Terence
  1580 | D:2      | Reached XP level 4. HP: 27/45 MP: 4/4
  1863 | D:3      | Found a glowing silver altar of Zin.
  2097 | D:3      | Reached skill level 5 in Unarmed Combat
  2152 | D:4      | Reached XP level 5. HP: 50/53 MP: 5/5
  2313 | D:4      | Noticed an ogre
  2318 | D:4      | Killed an ogre
  2319 | D:4      | Reached XP level 6. HP: 62/62 MP: 6/6
  2423 | D:4      | Found a burning altar of Makhleb.
  2548 | D:4      | Reached skill level 6 in Unarmed Combat
  2917 | D:4      | Reached XP level 7. HP: 55/70 MP: 7/7
  3359 | D:5      | Entered Level 5 of the Dungeon
  3366 | D:5      | Noticed Pikel
  3370 | D:5      | Noticed Grinder
  3390 | D:4      | Slain by a lemure

Illustrated notes

Levels and vault maps discovered:
D:1:      co_arrival_square_in_a_square_in_a_square, layout_basic,
          hellmonk_ecumenical_altar_pennies_from_heaven
D:2:      layout_basic, minmay_split_cup_large, uniq_terence
D:3:      layout_rooms, kennysheep_flooded_box
D:4:      layout_loops_corners, lightli_temple_of_fire, roderic_lattice_a,
          roderic_three_in_a_row
D:5:      layout_basic, uniq_grinder, uniq_pikel, uniq_crazy_yiuf_cottage,
          uniq_eustachio

Skill      XL: |  1  2  3  4  5  6 |
---------------+-------------------+-----
Unarmed Combat | 4 5 6 |  6.7
Fighting       | 3 4 |  4.2
Spellcasting   | |  1.0
Fire Magic     | |  2.1

Action                   |  1- 3 |  4- 6 |  7- 9 || total
-------------------------+-------+-------+-------++-------
Melee: Unarmed           |   133 |    82 |    16 ||   231
       Punch             |       |       |     1 ||     1
Throw: Stone             |    72 |       |       ||    72
       Dart              |     7 |    60 |     4 ||    71
  Use: Scroll            |       |       |     6 ||     6
Armor: Robe              |    53 |    23 |     6 ||    82
Dodge: Dodged            |    63 |    21 |    14 ||    98

Table legend: (Time is in decaauts)
 A = Elapsed time spent in this place.
 B = Non-inter-level travel time spent in this place.
 C = Inter-level travel time spent in this place.
 D = Time resting spent in this place.
 E = Time spent auto-exploring this place.
 F = Levels seen in this place.
 G = Mean time per level.
                   A        B        C        D        E       F      G
               +--------+--------+--------+--------+--------+-----+--------+
         Total |   3378 |   3173 |    205 |      0 |   2551 |   5 |  675.6 |
       Dungeon |   3378 |   3173 |    205 |      0 |   2551 |   5 |  675.6 |
               +--------+--------+--------+--------+--------+-----+--------+

Top non-repeatable levels by time:
     D:4: 1220 daAuts
     D:1: 1182 daAuts
     D:2: 632 daAuts
     D:3: 320 daAuts
     D:5: 21 daAuts
